Unix NetHack Version 5.0.0-0 post-release - last build Jun 10 2026 00:39:30 (3ee93aec679c4c4259841fe613dc97188e26a321,branch:main).

Game began 2026-06-29 00:14:04, ended 2026-07-02 14:04:26.

ARFwashere, neutral male human Barbarian

                               -------     -------
                               |>.|..|   --|.....|
                               |.....|   |.-$u...|
                              ---.--.|   |-|$$nh.|--
                           ----0...|.--  |.+$.$.GE@|
                           |.*.....|..-- |-|.?...|.|
                           |....---|...| |.+.u...|.|
                           |..[.|.0|...| --|.....|.|
                           |0..%...|...|   ------|.|
                          --0*.0|......--        |.|
                          |*0...|..|....|        |[|
                          |...*.|--|....|        |%|
                          |..|.--  --...|        |.|
                          ----.|    -----        |.|
                            |..-------------------.|
                            |..^...................|
                            ------------------------

ARFwashere the Brigand     St:18 Dx:12 Co:16 In:9 Wi:10 Ch:7  Neutral
Dlvl:6  $:14 HP:0(90) Pw:31(31) AC:-8 Xp:11 T:17437  Burdened

Latest messages:
 You miss the fire elemental.
 You smite the fire elemental!
 You are suddenly very hot!
 The fire elemental misses!
 Are you sure you want to pray? [yn] (n) y
 You begin praying to Crom.
 The fire elemental hits!
 You avoid harm.
 The dwarf picks up 50 gold pieces.
 The fire elemental hits!
 You avoid harm.
 The gnome picks up 2 uncursed daggers.
 Your legs feel better.
 Your movements are now unencumbered.
 The fire elemental hits!
 You avoid harm.
 You finish your prayer.
 You feel that Crom is displeased.
 What do you want to write with? [- agmG-INUW or ?*] -
 You write in the dust with your fingertip.
 What do you want to write in the dust here? Elbereth
 The fire elemental misses!
 Something is written here in the dust.
 You read: "rlbereth".
 You see here an uncursed bag called BofH containing 40 items.
 What do you want to write with? [- agmG-INUW or ?*] -
 Do you want to add to the current engraving? [ynq] (y) y
 You add to the writing in the dust with your fingertip.
 What do you want to add to the writing in the dust here? Elbereth
 Something is written here in the dust.
 You read: "rlberethElbereth".
 You see here an uncursed bag called BofH containing 40 items.
 Are you waiting to get hit?  Use 'm' prefix to force a no-op (to rest).
 You have a little trouble lifting an uncursed bag called BofH containing 40 items.  Continue? [ynq] (q) y
 You have a little trouble lifting i - an uncursed bag called BofH containing 40 items.
 Your movements are slowed slightly because of your load.
 The fire elemental hits!
 You avoid harm.
 What do you want to drink? [chqsKOV or ?*] c
 You feel better.
 What do you want to drink? [hqsKOV or ?*] ?
 Yecch!  This stuff tastes like poison.
 (But in fact it was mildly stale slime mold juice.)
 The fire elemental misses!
 You smite the fire elemental!
 You smite the fire elemental!
 You are suddenly very hot!
 You die...
 Do you want your possessions identified? [ynq] (y) y
 Do you want to see your attributes? [ynq] (y) q

Inventory:
 Coins    ('$')
  $ - 14 gold pieces
 Amulets  ('"')
  e - an uncursed amulet of guarding (being worn)
 Weapons  (')')
  U - 12 +0 daggers (at the ready)
  g - a +0 elven dagger
  a - a +0 two-handed sword (weapon in hands)
 Armor    ('[')
  r - an uncursed +0 dwarvish iron helm (being worn)
  R - an uncursed +0 pair of leather gloves (being worn)
  o - a blessed burnt +4 pair of low boots (being worn)
  x - an uncursed burnt +0 dwarvish cloak (being worn)
  S - a cursed +0 silver dragon scale mail (being worn)
 Comestibles  ('%')
  d - an uncursed food ration
  L - 2 uncursed fortune cookies
  J - an uncursed partly eaten lizard corpse
  T - 2 uncursed lizard corpses
 Scrolls  ('?')
  B - a cursed scroll of charging
  D - an uncursed scroll of food detection
  z - an uncursed scroll of gold detection
  C - a cursed scroll of magic mapping
  X - an uncursed scroll of scare monster
 Potions  ('!')
  K - an uncursed potion of blindness
  V - an uncursed potion of gain ability
  O - a blessed potion of gain energy
  h - an uncursed potion of monster detection
  q - an uncursed potion of object detection
 Rings    ('=')
  G - an uncursed ring of warning
 Wands    ('/')
  W - a wand of light (0:12)
  I - a wand of probing (0:6)
  N - a wand of secret door detection (0:10)
  m - a wand of speed monster (0:4)
  H - a wand of undead turning (0:4)
 Tools    ('(')
  i - an uncursed bag of holding containing 40 items
  p - an uncursed blindfold
  w - an uncursed magic whistle
  l - a blessed oil lamp
  b - a +0 pick-axe
  k - a cursed skeleton key
  u - a +0 unicorn horn

Contents of the bag of holding:
  1060 gold pieces
  a +0 axe
  an uncursed very burnt rotted +2 alchemy smock with text "|f v?u d?n'? l?|e tne ?cod  I ll ?tab you"
  an uncursed +0 dwarvish cloak
  an uncursed slime mold
  an uncursed apple
  an uncursed banana
  3 uncursed C-rations
  5 uncursed food rations
  4 cursed lembas wafers
  4 cursed tripe rations
  a blessed scroll of blank paper
  3 uncursed scrolls of blank paper
  an uncursed scroll of confuse monster
  a cursed scroll of create monster
  an uncursed scroll of earth
  3 uncursed scrolls of light
  a cursed scroll of remove curse
  a cursed scroll of stinking cloud
  an uncursed potion of paralysis
  a potion of unholy water
  an uncursed +3 ring of adornment
  a cursed -3 ring of adornment
  an uncursed ring of cold resistance
  a cursed +1 ring of gain constitution
  a cursed ring of hunger
  a cursed ring of invisibility
  an uncursed ring of levitation
  a cursed ring of slow digestion
  a cursed ring of teleport control
  an uncursed ring of warning
  a wand of create monster (0:13)
  a cursed wand of enlightenment (0:9)
  a cursed wand of speed monster (0:3)
  an uncursed figurine of a dingo
  an uncursed leash
  a magic marker (0:19)
  an uncursed mirror
  a cursed oil lamp
  an uncursed luckstone

ARFwashere the Barbarian's attributes:

Background:
 You were a Brigand, a level 11 male human Barbarian.
 You were neutral, on a mission for Crom
 who was opposed by Mitra (lawful) and Set (chaotic).
 You were right-handed.
 You were in Sokoban, on level 6.
 You entered the dungeon 17437 turns ago.
 There was a full moon in effect when your adventure ended.
 You had 12417 experience points, 7583 more were needed to attain level 12.

Basics:
 You had 0 out of 90 hit points.
 You had all 31 energy points (spell power).
 Your armor class was -8.
 Your wallet contained 14 zorkmids, and
 you had 1060 more stashed away in your pack.
 Autopickup was on for '$' plus thrown.

Final Characteristics:
 Your strength was 18 (limit:18/100).
 Your dexterity was 12 (peak:17, limit:18).
 Your constitution was 16 (peak:17, limit:18).
 Your intelligence was 9 (limit:18).
 Your wisdom was 10 (limit:18).
 Your charisma was 7 (limit:18).

Final Status:
 You weren't hungry.
 You were burdened; movement was slightly slowed.
 You were wielding a two-handed sword.
 You had expert skill with two-handed sword.

Final Attributes:
 You were piously aligned.
 Your items were somewhat protected from fire.
 Your items were somewhat protected from cold.
 You were sleep resistant.
 You were poison resistant.
 You were telepathic.
 You aggravated monsters.
 You had a small defense bonus (+2).
 You were protected.
 You were very fast.
 You had reflection.
 You were unlucky.
 You are dead.

Miscellaneous:
 You encountered 2 bones levels.
 Total elapsed playing time was 5 hours, 35 minutes and 7 seconds.

Major events:
 Turn
    1: ARFwashere the neutral male human Barbarian entered the dungeon
  499: entered the Gnomish Mines
 1061: attained the rank of Pillager (level 3)
 2895: attained the rank of Bandit (level 6)
 3672: reached Mine Town
 9281: entered the Bigroom
 9302: attained the rank of Brigand (level 10)
 9326: entered Sokoban
10231: performed his first genocide (arch-liches)
10720: completed 1st Sokoban level
11089: completed 2nd Sokoban level
11740: completed 3rd Sokoban level
16125: made his first wish - "blessed +3 silver dragon scale mail", got "a silver dragon scale mail"
17196: completed 4th Sokoban level
17437: killed by a fire elemental

You didn't know any spells.

Skills:
 Fighting Skills
   bare handed combat [Basic]
   two weapon combat  [Unskilled]
   riding             [Unskilled]
 Weapon Skills
   dagger             [Basic]
   axe                [Basic]
   pick-axe           [Unskilled]
   short sword        [Unskilled]
   broadsword         [Unskilled]
   long sword         [Unskilled]
   two-handed sword   [Expert]
   saber              [Unskilled]
   club               [Unskilled]
   mace               [Unskilled]
   morning star       [Unskilled]
   flail              [Unskilled]
   hammer             [Unskilled]
   quarterstaff       [Unskilled]
   spear              [Unskilled]
   trident            [Unskilled]
   bow                [Unskilled]
 Spellcasting Skills
   attack spells      [Unskilled]
   escape spells      [Unskilled]

Voluntary challenges:
 Character rerolling was not enabled.
 You genocided 1 type of monster.
 You never polymorphed an object.
 You never changed form.
 You used 1 wish.
 You did not wish for any artifacts.
 You violated the special Sokoban rules 6 times.
Achievements:
 You entered the Gnomish Mines.
 You entered a shop.
 You attained the rank of Pillager.
 You attained the rank of Bandit.
 You entered Minetown.
 You entered a temple.
 You entered the Big Room.
 You attained the rank of Brigand.
 You entered Sokoban.

 The Dungeons of Doom: levels 1 to 11
    Level 1:
    Level 2:
       A general store, some graves.
       Stairs down to The Gnomish Mines.
    Level 3:
       A fountain, a grave.
    Level 4:
    Level 5:
       A grave.
       Final resting place for
          h2g2-Ran-Elf-Fem-Cha, killed by a pony.
    Level 6:
    Level 7:
       A fountain.
    Level 8:
       A fountain, a sink.
    Level 9:
       Many fountains.
       Oracle of Delphi.
    Level 10:
       A sink.
       Stairs up to Sokoban, level 9.
    Level 11:
       A very big room.
 The Gnomish Mines: levels 3 to 9
    Level 3:
    Level 4:
    Level 5:
       Many shops, a temple and an altar, some fountains.
    Level 6:
       A grave.
       Final resting place for
          ironrat-Wiz-Hum-Mal-Neu, killed by a dwarf.
    Level 7:
    Level 8:
    Level 9:
 Sokoban: levels 9 up to 6
    Level 6: <- You were here.
       Solved.
       Final resting place for
          you, killed by a fire elemental.
    Level 7:
       Solved.
    Level 8:
       Solved.
    Level 9:
       Solved.


Vanquished creatures:
  2 ghosts
  2 giant mimics
  a large mimic
 an air elemental
  a water elemental
  a hill giant
  a black naga
  a giant zombie
  a warg
  a glass piercer
  4 xans
 an ettin mummy
 an ogre leader
  a sasquatch
  a gelatinous cube
  a pyrolisk
  a flaming sphere
  2 shocking spheres
  a dwarf ruler
  4 tengu
 an ochre jelly
  a leocrotta
 an energy vortex
  a stone giant
 an elf mummy
  a red naga
  a pit viper
  2 wraiths
  a carnivorous ape
 an ettin zombie
  4 soldiers
 an amorous demon
  a chameleon
  2 crocodiles
  4 giant beetles
  a quivering blob
  4 cockatrices
  a wolf
  5 winter wolf cubs
  a panther
  2 gremlins
  2 leprechauns
  2 orc-captains
 an iron piercer
  2 giant spiders
  a horse
  3 black lights
  a vampire bat
  a forest centaur
  6 gnome rulers
 an orc mummy
 an ogre
  a brown pudding
  5 owlbears
  2 yetis
  a werewolf
  a Green-elf
 11 lizards
  5 chickatrices
  a dog
  a jaguar
  2 white unicorns
  a black unicorn
  2 dust vortices
  3 ravens
  a gnome mummy
  2 snakes
  2 apes
  5 Woodland-elves
  8 soldier ants
  a fire ant
 15 bugbears
  3 quasits
  a wood nymph
  a mountain nymph
  7 Uruk-hai
  2 orc shamans
  2 rock moles
  3 ponies
  a fog cloud
  2 yellow lights
  a shrieker
  2 violet fungi
 13 gnome leaders
  5 gnomish wizards
  2 kobold mummies
  a guardian naga hatchling
 an elf zombie
  a ghoul
  a paper golem
  5 giant ants
  a little dog
  6 floating eyes
  2 kittens
 13 dwarves
  2 homunculi
  6 kobold leaders
  4 kobold shamans
 15 hill orcs
  5 rothes
  2 rabid rats
  2 centipedes
  6 giant bats
 an orc zombie
  2 dwarf zombies
  2 wererats
  4 iguanas
 22 killer bees
  3 acid blobs
  2 hobbits
 16 manes
  6 large kobolds
 24 hobgoblins
  7 giant rats
 10 cave spiders
  a brown mold
  a yellow mold
  a green mold
  2 red molds
 57 gnomes
  a gnome zombie
 14 geckos
 13 jackals
  5 foxes
  5 kobolds
  a goblin
  3 sewer rats
  9 grid bugs
  a bat
  6 lichens
  a kobold zombie
 16 newts
511 creatures vanquished.

Genocided species:
 arch-liches
1 species genocided.

Game over:
                       ----------
                      /          \
                     /    REST    \
                    /      IN      \
                   /     PEACE      \
                  /                  \
                  |    ARFwashere    |
                  |     1074 Au      |
                  | killed by a fire |
                  |    elemental     |
                  |                  |
                  |                  |
                  |       2026       |
                 *|     *  *  *      | *
        _________)/\\_//(\/(/\)/\//\/|_)_______

Goodbye ARFwashere the Barbarian...

You died in Sokoban on dungeon level 6 with 48875 points,
and 1074 pieces of gold, after 17437 moves.
You were level 11 with a maximum of 90 hit points when you died.

